 Dungeon Crawl Stone Soup version 0.28.0-53-g5a82cb258f (webtiles) character file.

Game seed: 12932435797687209839

469 quixfox the Chopper (level 7, -6/61 HPs)
             Began as a Hill Orc Fighter on July 9, 2022.
             Mangled by an orc warrior
             ... wielding a +0 glaive
              (10 damage)
             ... on level 4 of the Dungeon.
             The game lasted 00:06:40 (3467 turns).

quixfox the Chopper (Hill Orc Fighter)              Turns: 3467, Time: 00:06:40

Health: -6/61      AC: 11    Str: 21    XL:     7   Next: 9%
Magic:  7/7        EV:  7    Int:  8    God:
Gold:   167        SH:  4    Dex: 10    Spells: 6/6 levels left

rFire   . . .      SeeInvis .   a - +1 war axe
rCold   . . .      Faith    .   c - +0 buckler
rNeg    . . .      Spirit   .   l - +0 chain mail
rPois   .          Reflect  .   (no helmet)
rElec   .          Harm     .   (no cloak)
rCorr   .          Rampage  .   m - +0 pair of gloves
Will    .....                   (no boots)
Stlth   ..........              (no amulet)
HPRegen 0.20/turn               (no ring)
MPRegen 0.10/turn               (no ring)

@: mighty
A: no striking features
a: no special abilities


You were on level 4 of the Dungeon.
You visited 1 branch of the dungeon, and saw 4 of its levels.

You collected 167 gold pieces.

Inventory:

Hand Weapons
 a - a +1 war axe (weapon)
 b - the +7 longbow of Quick Death {freeze, rElec Will+ MP+9 Str+5}
   (You found it on level 3 of the Dungeon)

   Any ammunition fired from it freezes those it strikes, dealing additional
   cold damage.
   It can also slow down cold-blooded creatures.
   Str:       It affects your strength (+5).
   rElec:     It insulates you from electricity.
   MP:        It affects your magic capacity (+9).
   Will:      It increases your willpower.
Armour
 c - a +0 buckler (worn)
 l - a +0 chain mail (worn)
 m - a +0 pair of gloves (worn)
Scrolls
 g - a scroll of summoning
 j - a scroll of teleportation
Potions
 d - a potion of might
 f - 2 potions of heal wounds
 h - a potion of curing
 i - a potion of resistance
 n - a potion of cancellation {unknown}
 o - a potion of brilliance {unknown}


   Skills:
 + Level 5.6 Fighting
 * Level 7.1 Axes
 + Level 5.1 Armour
 - Level 3.2 Shields


You had 6 spell levels left.
You didn't know any spells.
Your spell library contained the following spells:

 Spells                   Type           Power      Damage    Failure   Level
 Ensorcelled Hibernation  Hex/Ice        0%         N/A       100%        2
 Passwall                 Tmut/Erth      0%         N/A       100%        2
 Gell's Gravitas          Tloc           0%         N/A       100%        3
 Lesser Beckoning         Tloc           0%         N/A       100%        3
 Swiftness                Air            0%         N/A       100%        3
 Teleport Other           Tloc           0%         N/A       100%        3


Dungeon Overview and Level Annotations

Branches:
Dungeon (4/15)
 Temple: D:4-7

Altars:
Elyvilon


Message History

You block Dowan's attack. Dowan hits you but does no damage.
You hit Dowan.
Dowan is lightly wounded.
Dowan hits you but does no damage.
You barely miss Dowan.
Dowan is lightly wounded.
Dowan barely misses you. Dowan hits you but does no damage.
You closely miss Dowan.
Dowan is lightly wounded.
Dowan barely misses you. Dowan hits you with a +0 dagger.
You slash Dowan!
Dowan is heavily wounded.
Dowan barely misses you. Dowan hits you but does no damage.
You slice Dowan!!
You kill Dowan!
Your Axes skill increases to level 7!
You have reached level 7!
Things that are here:
a +0 dagger; a +0 robe The orc priest threatens, "By the altar or by the axe, you will meet Beogh!"
The orc priest shouts!
The orc warrior hits you with a +0 glaive.
The orc priest looks satisfied for a moment.
The orc warrior barely misses you.
You slash the orc priest!
The orc priest threatens, "By the altar or by the axe, you will meet Beogh!"
The orc priest is almost dead.
The orc priest mumbles some strange prayers to Beogh against you.
Pain shoots through your body!
The orc warrior hits you from afar with a +0 glaive!
You barely miss the orc priest.
The orc priest is almost dead.
The orc priest hits you but does no damage.
The orc warrior hits you from afar with a +0 glaive!!
* * * LOW HITPOINT WARNING * * *
The orc priest shouts, "Surrender to Beogh and we'll let you live!"
You slash the orc priest!
You kill the orc priest!
The orc warrior hits you from afar with a +0 glaive!
You die...

......##..)#.....).......
...........###.........##
............)............
.......<.....##<......###
............####)......#
.............###..#......
........#......o.##..#...
........#........##....##
................@.....## #.#.##
###.....#.##.(..).......#.[...#.
###..... ##.................!..
#.......>$##........
#......$..........(.
.................##.#
........##.........#.#
..#..................#
....###.....###


You could see an orc warrior.

Vanquished Creatures
  Duvessa (D:4)
  A centaur (D:4)
  A water moccasin skeleton (D:4)
  Dowan (D:4)
  2 hounds (D:3)
  An orc priest (D:4)
  A gnoll (D:1)
  5 adders
  2 worms
  4 dart slugs
  9 orcs
  3 endoplasms
  4 giant cockroaches
  2 goblins
  3 hobgoblins
  2 jackals (D:3)
  A kobold (D:1)
  3 quokkas
  13 ball pythons
  5 bats
  3 frilled lizards
  A rat (D:3)
68 creatures vanquished.

Notes
Turn   | Place    | Note
-------+----------+-------------------------------------------
     0 | D:1      | quixfox the Hill Orc Fighter began the quest for the Orb.
     0 | D:1      | Reached XP level 1. HP: 19/19 MP: 1/1
   282 | D:1      | Reached skill level 3 in Axes
   282 | D:1      | Reached XP level 2. HP: 19/27 MP: 2/2
   816 | D:1      | Reached XP level 3. HP: 26/33 MP: 3/3
  1045 | D:2      | Reached skill level 4 in Axes
  1749 | D:3      | Identified the +7 longbow of Quick Death {freeze, rElec
                  | Will+ MP+9 Str+5}
  1924 | D:3      | Reached XP level 4. HP: 28/41 MP: 4/4
  2171 | D:3      | Reached skill level 5 in Axes
  2229 | D:3      | Reached XP level 5. HP: 35/47 MP: 5/5
  2604 | D:3      | Found a white marble altar of Elyvilon.
  2635 | D:4      | Noticed an orc warrior
  2795 | D:4      | Noticed Duvessa
  2795 | D:4      | Noticed Dowan
  2854 | D:4      | Noticed a centaur
  2862 | D:4      | Killed a centaur
  2863 | D:4      | Reached skill level 5 in Fighting
  2863 | D:4      | Reached skill level 6 in Axes
  2863 | D:4      | Reached XP level 6. HP: 23/56 MP: 6/6
  3090 | D:4      | Identified the +1 robe of the Orcish Mines {rC+}
  3440 | D:4      | Killed Duvessa
  3441 | D:4      | Reached skill level 5 in Armour
  3451 | D:4      | Killed Dowan
  3452 | D:4      | Reached skill level 7 in Axes
  3452 | D:4      | Reached XP level 7. HP: 42/61 MP: 7/7
  3467 | D:4      | Mangled by an orc warrior

Illustrated notes

Levels and vault maps discovered:
D:1:      minmay_arrival_up_and_down, layout_loops_ring, hex_medium,
          minmay_pentomino_w2
D:2:      layout_basic
D:3:      minmay_chambers_of_threes, layout_rooms, lemuel_crystal_altar,
          nrook_campfire, chequers_serial_rivers_small_a
D:4:      layout_cave_pools, grunt_decor_arrowhead, guppyfry_early_orc_mine,
          uniq_duvessa

Skill      XL: |  1  2  3  4  5  6 |
---------------+-------------------+-----
Axes           | 3 4 5 6 7 |  7.1
Fighting       | 4 5 |  5.6
Armour         | 4 5 |  5.1
Shields        | |  3.2

Action                   |  1- 3 |  4- 6 |  7- 9 || total
-------------------------+-------+-------+-------++-------
Melee: War axe           |    88 |   129 |     3 ||   220
  Use: Scroll            |     3 |     6 |       ||     9
       Potion            |       |     1 |       ||     1
Armor: Scale mail        |    17 |       |       ||    17
       Chain mail        |    27 |   102 |     1 ||   130
Dodge: Dodged            |    38 |    55 |     1 ||    94
Block: Buckler           |    23 |    34 |       ||    57
